 Dungeon Crawl Stone Soup version 0.28-a0-1143-gcf6077d4cc (webtiles) character file.

Game seed: 17910864991274081519

16 ytrimaz the Insei (level 2, -1/18 HPs)
             Began as an Octopode Transmuter on Dec 13, 2021.
             Slain by a kobold (4 damage)
             ... on level 1 of the Dungeon.
             The game lasted 00:01:22 (1058 turns).

ytrimaz the Insei (Octopode Transmuter)             Turns: 1058, Time: 00:01:23

Health: -1/18      AC:  1    Str:  9    XL:     2   Next: 58%
Magic:  5/5        EV: 13    Int: 15    God:
Gold:   15         SH:  0    Dex: 12    Spells: 2/5 levels left

rFire   . . .      SeeInvis .     - Unarmed
rCold   . . .      Faith    .   (no shield)
rNeg    . . .      Spirit   .   (helmet currently unavailable)
rPois   .          Reflect  .   (no amulet)
rElec   .          Harm     .   (no ring)
rCorr   .          Rampage  .   (no ring)
Will    .....                   (no ring)
Stlth   ++........              (no ring)
HPRegen 0.06/turn               (no ring)
MPRegen 0.09/turn               (no ring)
                                (no ring)
                                (no ring)

@: appendages
A: tentacle spike 3, almost no armour, amphibious, 8 rings, camouflage 1,
gelatinous body 1, (nimble swimmer 1), tentacles
a: End Transformation


You were on level 1 of the Dungeon.
One of your tentacles had grown a beastly spike.
You visited 1 branch of the dungeon, and saw 1 of its levels.

You collected 15 gold pieces.

Inventory:

Scrolls
 b - a scroll of enchant weapon {unknown}
 c - a scroll of noise {unknown}
Potions
 a - a potion of brilliance {unknown}
 d - a potion of magic {unknown}
 e - a potion of curing {unknown}


   Skills:
 * Level 1.2 Fighting
 * Level 2.2 Dodging
 + Level 3.2 Unarmed Combat
 * Level 2.2 Spellcasting
 * Level 2.1 Transmutations


You had 2 spell levels left.
You knew the following spells:

 Your Spells              Type           Power      Damage    Failure   Level
a - Beastly Appendage     Tmut           16%        N/A       9%          1
b - Wereblood             Tmut           8%         N/A       14%         2

Your spell library contained the following spells:

 Spells                   Type           Power      Damage    Failure   Level
 Spider Form              Tmut/Pois      4%         N/A       38%         3
 Ice Form                 Ice/Tmut       4%         N/A       80%         4


Dungeon Overview and Level Annotations

Branches:
Dungeon (1/15)

Altars:

Shops:
D:1 ::


Innate Abilities, Weirdness & Mutations

One of your tentacles has grown a beastly spike.
You cannot wear most types of armour.
You are amphibious.
You can wear up to eight rings at the same time.
Your skin changes colour to match your surroundings (Stealth+).
Your rubbery body absorbs attacks. (AC +1, EV +1)
((You are camouflaged near water. (Stealth+)))
You have tentacles for arms and can constrict up to eight enemies at once.


Message History

There are monsters nearby!
The kobold shouts!
The kobold shouts!
One of your tentacles grows a vicious spike.
A rat comes into view.
Found a short sword.
The kobold barely misses you.
You barely miss the kobold. Your grab misses the kobold.
Your tentacle spike misses the kobold.
Your squeeze misses the kobold. The kobold barely misses you.
The kobold closely misses you.
You tentacle-slap the kobold.
You kill the kobold!
The kobold closely misses you.
A dart slug comes into view.
The kobold hits you with a +0 club.
You see here a +0 club.
You closely miss the kobold. Your grab misses the kobold.
You squeeze the kobold.
The kobold is heavily wounded.
The rat completely misses you. The kobold closely misses you.
You closely miss the rat. Your grab misses the rat. The rat bites you.
The kobold hits you with a +0 club.
Unknown command.
You tentacle-slap the kobold. Your grab misses the kobold.
The kobold is severely wounded.
The rat closely misses you. The kobold hits you with a +0 club.
You are too injured to fight recklessly!
You are too injured to fight recklessly!
You are too injured to fight recklessly!
Unknown command.
You barely miss the rat. Your grab misses the rat.
Your tentacle-slap misses the rat.
The rat barely misses you. The kobold barely misses you.
Unknown command.
You completely miss the rat. Your grab misses the rat. The rat bites you.
The kobold hits you with a +0 club.
* * * LOW HITPOINT WARNING * * *
You closely miss the rat. Your grab misses the rat.
You pierce the rat.
The rat is severely wounded.
The rat barely misses you. The kobold hits you with a +0 club.
You die...

...#...... ...+.....
.# ...#.... ##.# ##
...#... ...#).
...#..##########..#.
...##.#............
................>.#
#####.#.#.#####.rw#
#####.[.#.# #.@K#
....#...#.# #...#
.##.#...#.# #...#
..#.#...#.#####...#
..#.#...#...†.....#
#.#.##..#†######..#
#.#.# .... ...#
#.#.##....## ##.#
#.#.##.#..# .#


You could see a dart slug, a kobold and a rat.

Vanquished Creatures
  2 bats (D:1)
  An endoplasm (D:1)
  4 giant cockroaches (D:1)
  2 goblins (D:1)
  A quokka (D:1)
  3 frilled lizards (D:1)
  A kobold (D:1)
  A rat (D:1)
15 creatures vanquished.

Notes
Turn   | Place    | Note
-------+----------+-------------------------------------------
     0 | D:1      | ytrimaz the Octopode Transmuter began the quest for the
                  | Orb.
     0 | D:1      | Reached XP level 1. HP: 13/13 MP: 3/3
   381 | D:1      | Reached XP level 2. HP: 7/18 MP: 3/5
   591 | D:1      | Found Heoddam's Book Boutique.
   600 | D:1      | Learned a level 2 spell: Wereblood
   605 | D:1      | Found Xifees's Book Boutique.
   854 | D:1      | Found a faded altar of an unknown god.
  1058 | D:1      | Slain by a kobold

Illustrated notes

Levels and vault maps discovered:
D:1:      minmay_arrival_widening_spiral_wide, layout_basic,
          shapermc_ecumenical_altar_mp_highgroup, serial_shops,
          nicolae_shop_stone, shop

Action                   || total
-------------------------++-------
Melee: Unarmed           ||    44
       Constrict         ||     9
       Tentacles         ||     6
       Kick              ||     3
 Cast: Beastly Appendage ||     8
  Use: Scroll            ||     3
Armor: Skin              ||     5
Dodge: Dodged            ||    30

Table legend: (Time is in decaauts)
 A = Elapsed time spent in this place.
 B = Non-inter-level travel time spent in this place.
 C = Inter-level travel time spent in this place.
 D = Time resting spent in this place.
 E = Time spent auto-exploring this place.
 F = Levels seen in this place.
 G = Mean time per level.
                   A        B        C        D        E       F      G
               +--------+--------+--------+--------+--------+-----+--------+
         Total |   1056 |   1056 |      0 |      0 |    909 |   1 | 1056.0 |
       Dungeon |   1056 |   1056 |      0 |      0 |    909 |   1 | 1056.0 |
               +--------+--------+--------+--------+--------+-----+--------+

Top non-repeatable levels by time:
     D:1: 1056 daAuts
